cohdb
Replays
Latest Replays
All Replays
Popular Replays
Top Player Replays
Match Explorer
How It Works
Community
CoH3 Stats
Reddit
Sign in to upload your games and track your stats! →
Sign in with Steam
Match 37627097
Unlisted
Match 37627097
Overview
Messages
Build Orders
End
Panzergrenadier Squad
Kradschützen Motorcycle Team
Panzerpioneer Squad
Construct Light Support Kompanie
MG34 Team
2.5-tonne Medical Truck
Selects Italian Infantry
Selects Defensive Operations
Fire Support Elements
Flakvierling Half-track
2.5-tonne Medical Truck
Pak 38 Mechanized Group
Selects Guastatori Squad
Guastatori Squad
Pak 38 Anti-tank Gun Team
Nikolai
IDIOT_NOOB_BLOB_SPAM_2V1_CAMPING
Microsoft Outlook
deadsadbadmad
0
0
Comments
sign in to comment!
No comments posted yet!